 Dungeon Crawl Stone Soup version 0.27-a0-1026-gbab068f60c (webtiles) character file.

Game seed: 11311993012019062401

543 Morbidden the Gusty (level 6, -1/48 HPs)
             Began as a Demigod Air Elementalist on Apr 18, 2021.
             Slain by a centaur
             ... wielding a +0 spear
              (9 damage)
             ... on level 4 of the Dungeon.
             The game lasted 00:05:23 (5678 turns).

Morbidden the Gusty (Demigod Air Elementalist)      Turns: 5678, Time: 00:05:24

Health: -1/48      AC:  4    Str: 13    XL:     6   Next: 77%
Magic:  7/15       EV: 16    Int: 21    God:
Gold:   143        SH:  0    Dex: 14    Spells: 6/13 levels left

rFire    . . .     SeeInvis .   (no weapon)
rCold    . . .     Faith    .   (no shield)
rNeg     . . .     Spirit   .   a - +1 robe
rPois    .         Reflect  .   (no helmet)
rElec    .         Harm     .   m - +0 cloak
rCorr    .         Rampage  .   (no gloves)
Will     .....                  (no boots)
Stlth    ++........             (no amulet)
HPRegen  0.16/turn              f - +4 ring of evasion
MPRegen  0.14/turn              (no ring)

@: no status effects
A: high mp 1, forlorn
a: no special abilities


You were on level 4 of the Dungeon.
You visited 1 branch of the dungeon, and saw 4 of its levels.

You collected 143 gold pieces.

Inventory:

Armour
 a - a +1 robe (worn)
 m - a +0 cloak (worn)
Magical Staves
 n - a staff of fire
Jewellery
 f - a +4 ring of evasion (left hand)
Scrolls
 h - 2 scrolls of identify
 i - 2 scrolls of noise {unknown}
 l - 2 scrolls of teleportation
 p - a scroll of holy word
Potions
 b - 2 potions of curing
 c - a potion of lignification
 d - a potion of berserk rage {unknown}
 e - a potion of heal wounds {unknown}
 g - a potion of invisibility {unknown}
 j - a potion of flight {unknown}
 k - a potion of resistance {unknown}


   Skills:
 * Level 1.9 Fighting
 + Level 2.0 Dodging
 + Level 2.1 Stealth
 + Level 0.2 Unarmed Combat
 * Level 4.0 Spellcasting
 + Level 2.7 Conjurations
 * Level 4.6 Air Magic


You had 6 spell levels left.
You knew the following spells:

 Your Spells              Type           Power      Damage    Failure   Level
a - Shock                 Conj/Air       76%        1d7       2%          1
b - Static Discharge      Conj/Air       19%        N/A       4%          2
c - Airstrike             Air            11%        N/A       19%         4

Your spell library contained the following spells:

 Spells                   Type           Power      Damage    Failure   Level
 Magic Dart               Conj           60%        1d6       3%          1
 Swiftness                Air            23%        N/A       5%          3
 Mephitic Cloud           Conj/Pois/Air  14%        N/A       13%         3
 Blink                    Tloc           N/A        N/A       19%         2
 Call Imp                 Summ           4%         N/A       19%         2
 Slow                     Hex            4%         N/A       19%         2
 Conjure Flame            Conj/Fire      10%        6-21      21%         3
 Lightning Bolt           Conj/Air       9%         1d22      58%         5


Dungeon Overview and Level Annotations

Branches:
Dungeon (4/15)
 Temple: D:4-7


Innate Abilities, Weirdness & Mutations

Your attributes grow dramatically as you level up.
You have an increased reservoir of magic. (+10% MP)
You shall have no god before yourself.


Message History

The centaur barely misses you.
Casting: Static Discharge (safe; 4% risk of failure)
Confirm with . or Enter, or press ? or * to list all spells.
The centaur is struck by an arc of lightning.
The centaur is moderately wounded.
The adder is struck by an arc of lightning.
The adder is heavily wounded.
The lightning grounds out.
The centaur barely misses you. The centaur completely misses you.
The adder closely misses you. The centaur hits you with a +0 spear!
The centaur barely misses you. The adder bites you but does no damage.
The centaur hits you with a +0 spear. The centaur closely misses you.
The adder closely misses you.
Unknown command.
Casting: Static Discharge (safe; 4% risk of failure)
Confirm with . or Enter, or press ? or * to list all spells.
The adder is struck by an arc of lightning.
The adder is almost dead.
The kobold is struck by an arc of lightning.
You kill the kobold!
The lightning grounds out.
The centaur hits you but does no damage.
The centaur kicks you. The adder bites you but does no damage.
The centaur closely misses you.
The centaur kicks you but does no damage.
The adder misses you. The centaur hits you with a +0 spear.
The centaur barely misses you. The adder bites you.
Found a hazy altar of Hepliaklqana.
Unknown command.
Unknown command.
Unknown command.
Casting: Static Discharge (safe; 4% risk of failure)
Confirm with . or Enter, or press ? or * to list all spells.
The adder is struck by an arc of lightning.
You kill the adder!
You are struck by an arc of lightning.
The lightning grounds out.
The centaur hits you with a +0 spear!
* * * LOW HITPOINT WARNING * * *
The centaur misses you. The centaur hits you with a +0 spear!
You die...

........##.#.....#
........##.#.....####
........##.#.######..
.###.........######..
.....................
###.##.##.##....##..
#.#...'...[+<.)
#.###+##.#####....##..
#..)c@...# #....###.
#....#.#.# #....# #.
#....#ยง#.# #....# #.
#...# .### #....# #.
##.. .. #...[# #. ...
_. #....# #. ##. ..#
##...# #. ## ### #...#
#...#


You could see a centaur.

Vanquished Creatures
  An ogre (D:4)
  A centaur (D:4)
  A scorpion (D:4)
  A howler monkey (D:4)
  A crimson imp (D:4)
  An iguana (D:4)
  A scorpion zombie (D:4)
  Natasha (thrice) (D:2)
  A hound skeleton (D:4)
  5 adders
  An ufetubus (D:4)
  A worm (D:2)
  A dart slug (D:4)
  5 bats
  4 endoplasms
  4 giant cockroaches
  6 hobgoblins
  3 quokkas
  7 ball pythons
  4 frilled lizards
  3 goblins (D:2)
  2 goblin skeletons (D:4)
  4 hobgoblin zombies (D:4)
  4 kobolds
  A kobold skeleton (D:4)
  2 kobold zombies (D:4)
  2 orc zombies (D:4)
  5 rats (D:1)
75 creatures vanquished.

Notes
Turn   | Place    | Note
-------+----------+-------------------------------------------
     0 | D:1      | Morbidden the Demigod Air Elementalist began the quest for
                  | the Orb.
     0 | D:1      | Reached XP level 1. HP: 14/14 MP: 5/5
   134 | D:1      | Reached skill level 1 in Conjurations
   791 | D:1      | Reached XP level 2. HP: 20/20 MP: 4/7
   880 | D:1      | Learned a level 2 spell: Static Discharge
  1847 | D:2      | Reached XP level 3. HP: 25/27 MP: 3/9
  2237 | D:2      | Noticed Natasha
  2245 | D:2      | Killed Natasha
  2596 | D:2      | Noticed Natasha
  2613 | D:2      | Killed Natasha
  2614 | D:2      | Reached XP level 4. HP: 13/34 MP: 1/11
  3039 | D:2      | Noticed Natasha
  3048 | D:2      | Killed Natasha
  3049 | D:2      | Reached skill level 1 in Fighting
  3960 | D:4      | Reached XP level 5. HP: 10/40 MP: 1/13
  3988 | D:4      | Noticed a centaur
  4365 | D:4      | Killed a centaur
  4497 | D:4      | Noticed an ogre
  4507 | D:4      | Killed an ogre
  4508 | D:4      | Reached XP level 6. HP: 45/48 MP: 3/14
  4513 | D:4      | Learned a level 4 spell: Airstrike
  5678 | D:4      | Slain by a centaur

Illustrated notes

Levels and vault maps discovered:
D:1:      dpeg_arrival_three_same_balls, layout_basic,
          shapermc_ecumenical_altar_starsandcircs, minmay_rat_gold_closets
D:2:      layout_rooms, uniq_natasha
D:3:      layout_basic, nicolae_qazlal_eye_of_the_storm, lemuel_crystal_altar
D:4:      layout_basic, nicolae_sif_muna_little_library,
          nzn_hepliaklqana_mist_gate, nicolae_tso_besieged_by_evil

Skill      XL: |  1  2  3  4  5  6 |
---------------+-------------------+-----
Conjurations   | 1 2 |  2.7
Spellcasting   | 2 3 4 |  4.0
Air Magic      | 3 4 |  4.6
Fighting       | 1 |  1.9
Dodging        | 2 |  2.0
Stealth        | 2 |  2.1
Unarmed Combat | |  0.2

Action                   |  1- 3 |  4- 6 || total
-------------------------+-------+-------++-------
Melee: Unarmed           |    10 |       ||    10
 Cast: Shock             |    99 |   111 ||   210
       Static Discharge  |     2 |    21 ||    23
       Airstrike         |       |     1 ||     1
  Use: Potion            |     2 |       ||     2
       Scroll            |       |     5 ||     5
Armor: Robe              |     4 |    12 ||    16
       Skin              |     3 |       ||     3
Dodge: Dodged            |    27 |    64 ||    91

Table legend: (Time is in decaauts)
 A = Elapsed time spent in this place.
 B = Non-inter-level travel time spent in this place.
 C = Inter-level travel time spent in this place.
 D = Time resting spent in this place.
 E = Time spent auto-exploring this place.
 F = Levels seen in this place.
 G = Mean time per level.
                   A        B        C        D        E       F      G
               +--------+--------+--------+--------+--------+-----+--------+
         Total |   5678 |   5589 |     89 |    699 |   4438 |   4 | 1419.5 |
       Dungeon |   5678 |   5589 |     89 |    699 |   4438 |   4 | 1419.5 |
               +--------+--------+--------+--------+--------+-----+--------+

Top non-repeatable levels by time:
     D:2: 1878 daAuts
     D:4: 1375 daAuts
     D:1: 1345 daAuts
     D:3: 1079 daAuts
